 Dungeon Crawl Stone Soup version 0.30.0-10-gfe55d96785 (webtiles) character file.

Game seed: 11196774098176308597

31119 Mahakala the Spear-Bearer (level 13, -5/93 (114) HPs)
             Began as a White Draconian Fire Elementalist on May 13, 2023.
             Was an Elder of Vehumet.
             Slain by a spectral eight-headed hydra (8 damage)
             ... on level 3 of the Lair of Beasts on May 14, 2023.
             The game lasted 02:00:40 (20439 turns).

Mahakala the Spear-Bearer (DrFE)                   Turns: 20439, Time: 02:00:41

HP:   -5/93 (114)   AC: 14    Str: 11    XL:     13   Next: 24%
MP:   8/20          EV: 14    Int: 20    God:    Vehumet [****..]
Gold: 526           SH:  0    Dex: 12    Spells: 5/22 levels left

rFire   + . .        D - +9 trident of Komo {drain, rC+}
rCold   + . .        (no shield)
rNeg    . . .        (body armour unavailable)
rPois   +            (helmet restricted)
rElec   .            K - +2 cloak
rCorr   .            i - +2 pair of gloves
SInv    .            (no boots)
Will    .....        x - amulet of the acrobat
Stlth   +++          h - ring of fire
HPRegen 0.35/turn    R - ring of poison resistance
MPRegen 0.17/turn

%: acrobat
@: heavily drained
A: breathe frost, AC +8, unfitting armour, cold resistance 1, cold-blooded
a: Breathe Frost, Renounce Religion


You were on level 3 of the Lair of Beasts.
You worshipped Vehumet.
Vehumet was greatly pleased with you.
You visited 3 branches of the dungeon, and saw 14 of its levels.
You also visited: Sewer.

You collected 811 gold pieces.
You spent 285 gold pieces at shops.

Inventory:

Hand Weapons
 d - a +0 dagger
 s - a +0 rapier
 D - the +9 trident of Komo (weapon) {drain, rC+}
   (You found it on level 6 of the Dungeon)

   rC:        It protects you from cold.
Missiles
 g - 100 stones
 o - 5 silver javelins
 p - 26 poisoned darts
 C - a throwing net {!f}
 I - 9 boomerangs
Armour
 i - a +2 pair of gloves (worn)
 K - a +2 cloak (worn)
Magical Staves
 k - a staff of conjuration
Jewellery
 h - a ring of fire (left hand)
 r - a +4 ring of slaying
 x - an amulet of the acrobat (around neck)
 J - a +4 ring of protection
 M - a ring of resist corrosion
 P - the ring of Kodikk {Drain rF++ Will+ AC+4}
   (You took it off a centaur warrior on level 9 of the Dungeon)

   [ring of protection]

   AC:        It affects your AC (+4).
   rF:        It greatly protects you from fire.
   Drain:     It drains your maximum health when unequipped.
   Will:      It increases your willpower.
 R - a ring of poison resistance (right hand)
 S - the ring "Doagruy" {rPois rC+ rN+ Will+ Str-5}
   (You took it off a centaur on level 9 of the Dungeon)

   [ring of poison resistance]

   Str:       It affects your strength (-5).
   rC:        It protects you from cold.
   rPois:     It protects you from poison.
   rN:        It protects you from negative energy.
   Will:      It increases your willpower.
 W - a +5 ring of evasion
Wands
 y - a wand of roots (3)
 A - a wand of polymorph (6)
 G - a wand of mindburst (7)
 Q - a wand of charming (7)
 V - a wand of quicksilver (7)
Scrolls
 c - a scroll of fog {unknown}
 e - 3 scrolls of poison {!r}
 f - 4 scrolls of fear
 j - 2 scrolls of teleportation {@r4}
 u - a scroll of summoning
 v - a scroll of immolation {!r}
 z - a scroll of blinking
 B - a scroll of enchant armour
 N - a scroll of torment {unknown}
 O - 2 scrolls of identify {@r1}
 T - a scroll of vulnerability {!r}
 U - a scroll of enchant weapon {unknown}
 X - a scroll of noise {unknown}
Potions
 a - 2 potions of magic
 b - a potion of berserk rage
 l - a potion of lignification {!q}
 m - a potion of mutation {!q}
 q - 3 potions of might
 t - 7 potions of curing {@q1}
 w - 5 potions of haste {@q3}
 E - a potion of attraction {!q}
 F - 3 potions of invisibility
 H - a potion of brilliance {unknown}
 L - 2 potions of flight


   Skills:
 + Level 10.5 Fighting
 + Level 11.2 Polearms
 - Level 7.0 Dodging
 - Level 5.0 Stealth
 - Level 5.0 Spellcasting
 - Level 5.0 Conjurations
 - Level 10.5 Translocations
 - Level 7.0 Fire Magic
 - Level 3.0 Air Magic
 - Level 2.0 Poison Magic


You had 5 spell levels left.
You knew the following spells:

 Your Spells              Type           Power      Damage    Failure   Level
a - Volatile Blastmotes   Fire/Tloc      100%       2d18      1%          3
b - Apportation           Tloc           94%        N/A       1%          1
c - Flame Wave            Conj/Fire      43%        2d11      2%          4
d - Manifold Assault      Tloc           47%        N/A       1%          4
s - Poisonous Vapours     Pois/Air       30%        N/A       1%          2
x - Scorch                Fire           98%        2d9       1%          2
z - Foxfire               Conj/Fire      100%       2x1d9     1%          1

Your spell library contained the following spells:

 Spells                   Type           Power      Damage    Failure   Level
 Fireball                 Conj/Fire      21%        3d10      7%          5
 Inner Flame              Hex/Fire       28%        N/A       2%          3
 Portal Projectile        Hex/Tloc       52%        N/A       4%          3
 Summon Small Mammal      Summ           20%        N/A       12%         1
 Call Canine Familiar     Summ           5%         N/A       34%         3
 Summon Guardian Golem    Hex/Summ       5%         N/A       34%         3
 Tukima's Dance           Hex            5%         N/A       34%         3
 Alistair's Intoxication  Tmut/Pois      6%         N/A       91%         5
 Blade Hands              Tmut           2%         N/A       97%         5
 Dispersal                Tloc           23%        N/A       22%         6
 Disjunction              Tloc           23%        N/A       100%        8


Dungeon Overview and Level Annotations

Branches:
Dungeon (10/15)            Temple (1/1) D:7            Lair (3/5) D:9
  Snake (0/4) Lair:2        Sewer (visited)
  Swamp: Lair:2-3    Shoals: Lair:2-3       Orc: D:9-12

Altars:
Ashenzari
Cheibriados
Dithmenos
Elyvilon
Fedhas
Gozag
Kikubaaqudgha
Makhleb
Nemelex Xobeh
Okawaru
Qazlal
Ru
Sif Muna
Trog
Uskayaw
Vehumet
Wu Jian
Xom
Yredelemnul
Zin
The Shining One

Shops:
D:2 !   D:6 =

Annotations:
Lair:1 exclusion: 2 oklob plants
Lair:3 exclusion: ice statue


Innate Abilities, Weirdness & Mutations

You can breathe waves of freezing cold which knock back foes.
Your icy white scales are hard. (AC +8)
You cannot fit into any form of body armour.
Your flesh is cold resistant. (rC+)
You are cold-blooded and may be slowed by cold attacks.


Message History

The spectral black mamba is almost destroyed.
The spectral black mamba's fire resistance burns away.
The spectral black mamba bites you.
* * * LOW HITPOINT WARNING * * *
The spectral black mamba bites you.
* * * LOW HITPOINT WARNING * * *
The spectral black mamba attacks as you move away!
The spectral black mamba closely misses you.
The spectral black mamba completely misses you.
The spectral black mamba attacks as you move away!
The spectral black mamba bites you.
* * * LOW HITPOINT WARNING * * *
The spectral black mamba completely misses you.
The spectral black mamba attacks as you move away!
The spectral black mamba completely misses you. x2
The spectral black mamba attacks as you move away!
The spectral black mamba misses you. The spectral black mamba bites you!
* * * LOW HITPOINT WARNING * * *
You feel much better.
The spectral black mamba is no longer more vulnerable to fire.
The spectral black mamba bites you.
* * * LOW HITPOINT WARNING * * *
The spectral black mamba closely misses you.
The spectral black mamba completely misses you.
The spectral black mamba completely misses you.
There is a stone staircase leading up, spattered with blood here.
The spectral black mamba bites you.
* * * LOW HITPOINT WARNING * * *
The spectral eight-headed hydra bites you!
* * * LOW HITPOINT WARNING * * *
You feel drained.
* * * LOW HITPOINT WARNING * * *
The spectral eight-headed hydra closely misses you.
The spectral eight-headed hydra bites you but does no damage.
The spectral eight-headed hydra barely misses you.
The spectral eight-headed hydra bites you but does no damage.
The spectral eight-headed hydra closely misses you.
The spectral eight-headed hydra bites you but does no damage.
The spectral eight-headed hydra bites you!
You die...

#.#.....## #.......# #......##
##.....# #.....# #.....# ### ###
#.....# #### #.####
#.#####.....######..#####.##.####
...............Z@................
...............Z.................
.................................
.................................
.................................
.................................
P..###.......##########..#.#.....
#### ##.....## #####.##...
#.....# ###....


You could see a spectral black mamba and a spectral eight-headed hydra.

Vanquished Creatures
  A fire dragon (D:9)
  3 centaur warriors (D:9)
  3 boulder beetles
  2 two-headed ogres
  A lindwurm (Lair:3)
  2 ugly things
  A manticore (D:9)
  3 elephants
  3 black mambas
  2 torpor snails
  9 cane toads
  2 rime drakes (Lair:2)
  6 komodo dragons
  2 polar bears (Lair:3)
  9 hornets (Lair:1)
  Grinder (D:6)
  14 blink frogs
  Prince Ribbit (D:6)
  Sigmund (D:5)
  A vampire (D:9)
  7 wyverns
  17 yaks
  6 basilisks
  A steam dragon (D:9)
  4 vampire mosquitoes (D:10)
  Menkaure (D:6)
  A naga (Lair:2)
  5 orc warriors
  7 water moccasins
  7 ice beasts
  A spectral blink frog (Lair:3)
  3 sky beasts (D:8)
  2 black bears (D:6)
  A boggart (D:9)
  4 ogres
  6 wolves (Lair:1)
  4 centaurs
  2 gnoll sergeants (D:7)
  2 kobold brigands
  7 bullfrogs
  2 scorpions
  13 wights
  4 killer bees
  A vampire bat (Lair:1)
  3 howler monkeys
  3 jellies
  2 gnoll boudas (D:8)
  2 hounds
  7 orc priests
  2 sleepcaps
  6 iguanas
  4 orc wizards
  A statue (D:3)
  Robin (D:3)
  13 gnolls
  9 adders
  3 white imps
  3 worms (D:3)
  5 dart slugs
  29 orcs
  4 ball pythons
  20 bats
  7 endoplasms
  5 giant cockroaches
  5 hobgoblins
  3 jackals (D:3)
  7 kobolds
  6 quokkas
  6 frilled lizards
  14 goblins
  3 rats
348 creatures vanquished.

Vanquished Creatures (collateral kills)
  8 foxfires
8 creatures vanquished.

Vanquished Creatures (others)
  1114 foxfires
1114 creatures vanquished.

Grand Total: 1470 creatures vanquished

Notes
Turn   | Place    | Note
-------+----------+-------------------------------------------
     0 | D:1      | Mahakala the Draconian Fire Elementalist began the quest
                  | for the Orb.
     0 | D:1      | Reached XP level 1. HP: 14/14 MP: 3/3
   262 | D:1      | Reached XP level 2. HP: 20/20 MP: 3/5
   286 | D:1      | Learned a level 2 spell: Scorch
   993 | D:1      | Reached XP level 3. HP: 21/26 MP: 3/6
  1470 | D:2      | Learned a level 3 spell: Volatile Blastmotes
  1576 | D:2      | Found Ujaakhut's Distillery.
  1615 | D:2      | Bought a potion of heal wounds for 65 gold pieces
  1673 | D:2      | Reached skill level 1 in Fighting
  1959 | D:2      | Reached XP level 4. HP: 36/36 MP: 5/7
  2041 | D:2      | Found a faded altar of an unknown god.
  2542 | D:3      | Reached skill level 1 in Translocations
  2760 | D:3      | Reached XP level 5. HP: 41/41 MP: 5/8
  2763 | D:3      | Noticed Robin
  2855 | D:3      | Found a radiant altar of Vehumet.
  2855 | D:3      | Noticed a frost-covered statue
  3001 | D:3      | Found a glowing drain.
  3022 | Sewer    | Entered a sewer
  3079 | Sewer    | Noticed a water moccasin
  3099 | Sewer    | Killed a water moccasin
  3100 | Sewer    | Reached skill level 5 in Fire Magic
  3369 | D:3      | Reached XP level 6. HP: 48/48 MP: 5/9
  3821 | D:3      | Killed Robin
  5090 | D:5      | Entered Level 5 of the Dungeon
  5090 | D:5      | Noticed Sigmund
  5094 | D:5      | Killed Sigmund
  5095 | D:5      | Your scales start taking on an icy white colour.
  5095 | D:5      | Reached XP level 7. HP: 57/57 MP: 5/11
  5095 | D:5      | Gained mutation: Your flesh is cold resistant. (rC+) [White
                  | Draconian growth]
  5222 | D:5      | Found a burning altar of Makhleb.
  5604 | D:5      | Reached skill level 5 in Fire Magic
  6058 | D:5      | Reached XP level 8. HP: 66/66 MP: 9/13
  6741 | D:6      | Identified the +9 trident of Komo {drain, rC+}
  6786 | D:6      | Noticed Prince Ribbit
  6794 | D:6      | Killed Prince Ribbit
  6937 | D:6      | Reached skill level 1 in Polearms
  6981 | D:6      | Reached skill level 2 in Polearms
  7030 | D:6      | Reached skill level 3 in Polearms
  7106 | D:6      | Noticed Grinder
  7112 | D:6      | Killed Grinder
  7113 | D:6      | Reached skill level 4 in Polearms
  7207 | D:6      | Reached skill level 5 in Fighting
  7239 | D:6      | Learned a level 1 spell: Apportation
  7244 | D:6      | Learned a level 4 spell: Flame Wave
  7314 | D:6      | Found an opulent altar of Gozag.
  7318 | D:6      | Found an iron altar of Okawaru.
  7336 | D:6      | Found a white marble altar of Elyvilon.
  7338 | D:6      | Found a sparkling altar of Nemelex Xobeh.
  7338 | D:6      | Found an ancient bone altar of Kikubaaqudgha.
  7340 | D:6      | Found a bloodstained altar of Trog.
  7573 | D:6      | Found Fein Sont's Jewellery Shop.
  7764 | D:6      | Noticed Menkaure
  7769 | D:6      | Killed Menkaure
  7770 | D:6      | Reached XP level 9. HP: 60/74 MP: 9/16
  8040 | D:6      | Reached skill level 5 in Spellcasting
  8336 | D:7      | Reached skill level 5 in Polearms
  8387 | D:7      | Found a staircase to the Ecumenical Temple.
  8392 | Temple   | Entered the Ecumenical Temple
  8610 | D:3      | Became a worshipper of Vehumet
  8990 | D:7      | Reached skill level 6 in Polearms
 10221 | D:8      | Found a shimmering altar of Xom.
 10629 | D:8      | Reached XP level 10. HP: 83/83 MP: 10/17
 11074 | D:8      | Reached * piety under Vehumet
 11074 | D:8      | Offered knowledge of Sandblast by Vehumet.
 11329 | D:8      | Noticed a purple ugly thing
 11340 | D:8      | Noticed a boulder beetle
 11355 | D:8      | Killed a purple ugly thing
 11356 | D:8      | Reached skill level 7 in Polearms
 11601 | D:8      | Killed a boulder beetle
 11602 | D:8      | Reached skill level 5 in Dodging
 11858 | D:8      | Noticed a two-headed ogre
 11994 | D:8      | Killed a two-headed ogre
 11995 | D:8      | Reached skill level 8 in Polearms
 12275 | D:9      | Noticed a centaur warrior
 12427 | D:9      | Found a snail-covered altar of Cheibriados.
 12505 | D:9      | Reached skill level 5 in Conjurations
 12670 | D:9      | Noticed a fire dragon
 12696 | D:9      | Noticed a manticore
 12724 | D:10     | Entered Level 10 of the Dungeon
 12781 | D:10     | Reached XP level 11. HP: 37/95 MP: 3/18
 13025 | D:10     | Noticed a soul eater
 13258 | D:9      | Killed a centaur warrior
 13469 | D:9      | Noticed a two-headed ogre
 13489 | D:9      | Killed a two-headed ogre
 13493 | D:9      | Identified the ring of Kodikk {Drain rF++ Will+ AC+4}
 13493 | D:9      | Noticed a centaur warrior
 13521 | D:9      | Killed a centaur warrior
 13521 | D:9      | Offered knowledge of Shock by Vehumet.
 13522 | D:9      | Reached skill level 10 in Fighting
 13655 | D:9      | Noticed a white ugly thing
 13682 | D:9      | Killed a white ugly thing
 13682 | D:9      | Reached ** piety under Vehumet
 13926 | D:9      | Learned a level 4 spell: Manifold Assault
 13938 | D:9      | Identified the ring of Regunu {AC+4 Int+2}
 13938 | D:9      | Noticed a centaur warrior
 13952 | D:9      | Killed a centaur warrior
 14270 | D:9      | Killed a fire dragon
 14271 | D:9      | Reached skill level 5 in Stealth
 14271 | D:9      | Reached skill level 5 in Translocations
 14763 | D:9      | Found a staircase to the Lair.
 14837 | Lair:1   | Entered Level 1 of the Lair of Beasts
 15031 | D:6      | Bought a ring of poison resistance for 220 gold pieces
 15105 | D:9      | Identified the ring "Doagruy" {rPois rC+ rN+ Will+ Str-5}
 15456 | Lair:1   | Reached XP level 12. HP: 92/106 MP: 9/19
 15669 | Lair:1   | Offered knowledge of Poisonous Vapours by Vehumet.
 15688 | Lair:1   | Learned a level 2 spell: Poisonous Vapours
 15949 | Lair:1   | Reached *** piety under Vehumet
 16082 | Lair:1   | Paralysed by a hornet for 3 turns
 16098 | Lair:1   | Reached skill level 10 in Translocations
 16681 | Lair:1   | Found a blossoming altar of Fedhas.
 17247 | Lair:2   | Reached skill level 1 in Air Magic
 17247 | Lair:2   | Reached skill level 1 in Poison Magic
 17579 | Lair:2   | Offered knowledge of Dazzling Flash by Vehumet.
 17710 | Lair:2   | Found a staircase to the Snake Pit.
 17772 | Lair:2   | Noticed a boulder beetle
 17784 | Lair:2   | Killed a boulder beetle
 18223 | Lair:2   | Reached skill level 9 in Polearms
 18840 | Lair:3   | Reached skill level 10 in Polearms
 18861 | Lair:3   | Noticed a boulder beetle
 19033 | Lair:3   | Killed a boulder beetle
 19034 | Lair:3   | Reached XP level 13. HP: 59/113 MP: 7/20
 19754 | Lair:3   | Reached skill level 11 in Polearms
 19832 | Lair:3   | Reached **** piety under Vehumet
 20400 | Lair:3   | Offered knowledge of Fireball by Vehumet.
 20434 | Lair:3   | HP: 3/96 [spectral black mamba (12)]
 20439 | Lair:3   | HP: 3/93 [spectral eight-headed hydra (3)]
 20439 | Lair:3   | Slain by a spectral eight-headed hydra

Illustrated notes

Levels and vault maps discovered:
D:1:      denvon_arrival_planthouse, layout_basic, minmay_misc_feat_alley
D:2:      layout_loops_ring, serial_shops, shop,
          chequers_ecumenical_altar_simple_redux, nrook_loot_triangle
D:3:      layout_loops_ring, vehumet_statue, cheibrodos_sewer_entry_bend,
          uniq_robin
D:4:      layout_loops_ring
D:5:      layout_loops_ring, mainiacjoe_overflow_concentric_impassable,
          hangedman_minor_gate_pass, uniq_sigmund
D:6:      layout_loops_corners, minitemple, serial_shops,
          nicolae_shop_peninsula, uniq_grinder, uniq_prince_ribbit1,
          uniq_menkaure
D:7:      layout_basic, temple_doors_e, kennysheep_generic_room_13
D:8:      minmay_slanted_spiral_squares, layout_loops_ring,
          mainiacjoe_overflow_boulevard
D:9:      minmay_the_grid_triangle_9x9_recursive_2
          [minmay_the_grid_triangle_9x9_prize_special,
          minmay_the_grid_triangle_9x9_warning,
          minmay_the_grid_triangle_9x9_sprig,
          minmay_the_grid_triangle_9x9_steps], layout_basic,
          mainiacjoe_overflow_cross_hatched, erik_lair_dragon,
          grunt_decor_resistance
D:10:     layout_grid_maze, mainiacjoe_overflow_tiny_flanked, minivault_11,
          uniq_gastronok
Temple:   jpeg_temple_clearing
Lair:1:   layout_regular_city, roderic_batcave, hangedman_tree_tricks,
          dreamdust_wasp_nest
Lair:2:   layout_gridlike, guppyfry_snake_entry_garden, serial_bayou_lagoon_b
Lair:3:   layout_hall_layers, nicolae_swamp_entry_spooky, ice2_lemuel,
          infiniplex_staircase_pool_2

Skill      XL: |  1  2  3  4  5  6  7  8  9 10 11 12 13 |
---------------+----------------------------------------+-----
Fire Magic     | 4 5 4 5 6 7 |  7.0
Conjurations   | 2 3 4 5 |  5.0
Fighting       | 2 3 4 5 6 8 10 | 10.5
Translocations | 2 3 4 8 10 | 10.5
Spellcasting   | 3 4 5 |  5.0
Dodging        | 3 4 5 6 7 |  7.0
Stealth        | 2 3 5 |  5.0
Polearms       | 4 6 8 10 11 | 11.2
Air Magic      | 3 |  3.0
Poison Magic   | 2 |  2.0

Action                     |  1- 3 |  4- 6 |  7- 9 | 10-12 | 13-15 || total
---------------------------+-------+-------+-------+-------+-------++-------
  Melee: Dagger            |    15 |     1 |       |       |       ||    16
         Staff             |       |       |     6 |       |       ||     6
         Punch             |       |       |     1 |     4 |     1 ||     6
         Trident           |       |       |    17 |   338 |    54 ||   409
         Tailslap          |       |       |       |    36 |     7 ||    43
   Cast: Foxfire           |    43 |    75 |   161 |   279 |   108 ||   666
         Scorch            |     7 |    22 |    46 |    83 |    18 ||   176
         Volatile Blastmot |       |       |    20 |    23 |       ||    43
         Flame Wave        |       |       |       |    11 |       ||    11
         Manifold Assault  |       |       |       |    23 |       ||    23
         Poisonous Vapours |       |       |       |    25 |     4 ||    29
Ability: Breathe Frost     |       |       |     1 |       |       ||     1
    Use: Scroll            |     1 |     4 |     4 |     8 |     1 ||    18
         Potion            |       |       |       |     6 |     1 ||     7
   Stab: Sleeping          |     1 |       |       |       |       ||     1
 Armour: Skin              |    10 |    10 |    34 |   213 |    36 ||   303
  Dodge: Dodged            |    31 |    14 |    61 |   369 |    89 ||   564
